EVO
WASHINGTON STATE UNIVERSITY COUGARS @ UNIVERSITY OF MICHIGAN WOLVERINES
07/27/2044
 
TOP OF THE 1ST
Washington State University Cougars batting - Pitching for University of Michigan Wolverines : LHP Miguel Yepez
Pitching: LHP Miguel Yepez
Batting: RHB Margh Couch 0-0: Called Strike
0-1: Ball
1-1: TRIPLE (Flyball, 78XD, EV 99.4 MPH)
Batting: SHB Steve DeRienzo 0-0: Called Strike
0-1: Foul Ball, location: 2F
0-2: Strikes out swinging
Batting: RHB Makoto Narita 0-0: Ball
1-0: Foul Ball, location: 2F
1-1: Ball
2-1: DOUBLE (Line Drive, 3D, EV 103.1 MPH)
Margh Couch scores
Batting: LHB Josh Aerni 0-0: SINGLE (Line Drive, 78S, EV 104.4 MPH)
Makoto Narita to third
Batting: RHB Jonathan Gamez 0-0: Ball
Wild Pitch!
Makoto Narita scores
Josh Aerni to second
1-0: Fly out, F3 (Popup, 3L, EV 66.9 MPH)
Batting: RHB Larry Martell 0-0: Called Strike
0-1: Ball
1-1: Fly out, F8 (Flyball, 89XD, EV 96.9 MPH)
Top of the 1st over - 2 runs, 3 hits, 0 errors, 1 left on base; Washington State University 2 - University of Michigan 0
BOTTOM OF THE 1ST
University of Michigan Wolverines batting - Pitching for Washington State University Cougars : RHP Danny Clarke
Pitching: RHP Danny Clarke
Batting: RHB Cesar Martinez 0-0: Foul Ball, location: 2F
0-1: Ball
1-1: Foul Ball, location: 2F
1-2: Ball
2-2: Fly out, F8 (Flyball, 8LXD, EV 78.8 MPH)
Batting: RHB Tim Cordle 0-0: Ball
1-0: Swinging Strike
1-1: Ball
2-1: Ground out 1-3 (Groundball, 13S, EV 63.1 MPH)
Batting: RHB Artyom Shavkunov 0-0: SINGLE (Line Drive, 9LS, EV 101.2 MPH)
Batting: RHB Ryan Criollo 0-0: Ball
1-0: Swinging Strike
1-1: Fielders Choice at 2nd, 6-4 (Groundball, 6, EV 101.9 MPH)
Bottom of the 1st over - 0 runs, 1 hit, 0 errors, 1 left on base; Washington State University 2 - University of Michigan 0
TOP OF THE 2ND
Washington State University Cougars batting - Pitching for University of Michigan Wolverines : LHP Miguel Yepez
Batting: RHB Nick Deegan 0-0: Ground out 6-3 (Groundball, 6, EV 85.0 MPH)
Batting: RHB David Martin 0-0: Called Strike
0-1: Ground out 5-3 (Groundball, 56, EV 105.6 MPH)
Batting: RHB Johnny Lowe 0-0: Called Strike
0-1: Ball
1-1: Ground out 5-3 (Groundball, 56S, EV 86.9 MPH)
Top of the 2nd over - 0 runs, 0 hits, 0 errors, 0 left on base; Washington State University 2 - University of Michigan 0
BOTTOM OF THE 2ND
University of Michigan Wolverines batting - Pitching for Washington State University Cougars : RHP Danny Clarke
Batting: LHB Mark Backstrom 0-0: Fly out, F5 (Line Drive, 5, EV 71.2 MPH)
Batting: LHB Yasutoshi Hayashi 0-0: Swinging Strike
0-1: Called Strike
0-2: Foul Ball, location: 2F
0-2: Strikes out looking
Batting: RHB Michael Diez 0-0: Called Strike
0-1: Swinging Strike
0-2: Ball
1-2: Foul Ball, location: 2F
1-2: Ball
2-2: Ball
3-2: Foul Ball, location: 2F
3-2: Strikes out swinging
Bottom of the 2nd over - 0 runs, 0 hits, 0 errors, 0 left on base; Washington State University 2 - University of Michigan 0
TOP OF THE 3RD
Washington State University Cougars batting - Pitching for University of Michigan Wolverines : LHP Miguel Yepez
Batting: RHB Margh Couch 0-0: Ground out 6-3 (Groundball, 6M, EV 88.1 MPH)
Batting: SHB Steve DeRienzo 0-0: Ball
1-0: Foul Ball, location: 2F
1-1: Ball
2-1: Foul Ball, location: 2F
2-2: Strikes out swinging
Batting: RHB Makoto Narita 0-0: Swinging Strike
0-1: Ball
1-1: Foul Ball, location: 2F
1-2: Strikes out swinging
Top of the 3rd over - 0 runs, 0 hits, 0 errors, 0 left on base; Washington State University 2 - University of Michigan 0
BOTTOM OF THE 3RD
University of Michigan Wolverines batting - Pitching for Washington State University Cougars : RHP Danny Clarke
Batting: LHB Dave Carlisle 0-0: Swinging Strike
0-1: Called Strike
0-2: Foul Ball, location: 2F
0-2: Strikes out swinging
Batting: RHB Juan Zamora 0-0: Called Strike
0-1: Ball
1-1: Called Strike
1-2: Ball
2-2: Foul Ball, location: 2F
2-2: Ground out 6-3 (Groundball, 6S, EV 81.2 MPH)
Batting: RHB Cesar Martinez 0-0: Foul Ball, location: 2F
0-1: Swinging Strike
0-2: Ball
1-2: Ball
2-2: Ball
3-2: Strikes out swinging
Bottom of the 3rd over - 0 runs, 0 hits, 0 errors, 0 left on base; Washington State University 2 - University of Michigan 0
TOP OF THE 4TH
Washington State University Cougars batting - Pitching for University of Michigan Wolverines : LHP Miguel Yepez
Batting: LHB Josh Aerni 0-0: Called Strike
0-1: Ground out 5-3 (Groundball, 56, EV 89.4 MPH)
Batting: RHB Jonathan Gamez 0-0: Ball
1-0: Ball
2-0: Called Strike
2-1: Ball
3-1: Foul Ball, location: 2F
3-2: Ground out 6-3 (Groundball, 6, EV 89.4 MPH)
Batting: RHB Larry Martell 0-0: Ball
1-0: Ball
2-0: Called Strike
2-1: Foul Ball, location: 2F
2-2: Strikes out swinging
Top of the 4th over - 0 runs, 0 hits, 0 errors, 0 left on base; Washington State University 2 - University of Michigan 0
BOTTOM OF THE 4TH
University of Michigan Wolverines batting - Pitching for Washington State University Cougars : RHP Danny Clarke
Batting: RHB Tim Cordle 0-0: Fly out, F6 (Popup, 6M, EV 60.6 MPH)
Batting: RHB Artyom Shavkunov 0-0: Foul Ball, location: 2F
0-1: Foul Ball, location: 2F
0-2: Fly out, F8 (Flyball, 89D, EV 91.2 MPH)
Batting: RHB Ryan Criollo 0-0: Called Strike
0-1: Ball
1-1: Ball
2-1: Ball
3-1: Swinging Strike
3-2: Base on Balls
Batting: LHB Mark Backstrom 0-0: Foul Ball, location: 2F
0-1: Ball
1-1: Ball
2-1: SINGLE (Groundball, 6MD, EV 94.4 MPH)
Ryan Criollo to second
Batting: LHB Yasutoshi Hayashi 0-0: Called Strike
0-1: Called Strike
0-2: Ball
1-2: Strikes out swinging
Bottom of the 4th over - 0 runs, 1 hit, 0 errors, 2 left on base; Washington State University 2 - University of Michigan 0
TOP OF THE 5TH
Washington State University Cougars batting - Pitching for University of Michigan Wolverines : LHP Miguel Yepez
Pitching: LHP Darius Brown
Batting: RHB Nick Deegan 0-0: Ball
1-0: Ball
2-0: Foul Ball, location: 2F
2-1: Swinging Strike
2-2: Strikes out swinging
Batting: RHB David Martin 0-0: Foul Ball, location: 2F
0-1: Called Strike
0-2: Foul Ball, location: 2F
0-2: Ball
1-2: Strikes out swinging
Batting: RHB Johnny Lowe 0-0: Ball
1-0: Foul Ball, location: 2F
1-1: Called Strike
1-2: Ball
2-2: SINGLE (Groundball, 56D, EV 101.2 MPH) (infield hit)
Batting: RHB Margh Couch 0-0: Called Strike
0-1: Foul Ball, location: 2F
0-2: Ball
1-2: Strikes out swinging
Top of the 5th over - 0 runs, 1 hit, 0 errors, 1 left on base; Washington State University 2 - University of Michigan 0
BOTTOM OF THE 5TH
University of Michigan Wolverines batting - Pitching for Washington State University Cougars : RHP Danny Clarke
Pitching: RHP Juan Luna
Batting: RHB Michael Diez 0-0: Ground out 4-3 (Groundball, 4, EV 108.8 MPH)
Batting: LHB Dave Carlisle 0-0: Foul Ball, location: 2F
0-1: Fly out, F6 (Line Drive, 6, EV 63.8 MPH)
Batting: RHB Juan Zamora 0-0: Ball
1-0: Swinging Strike
1-1: Fly out, F9 (Line Drive, 9, EV 91.9 MPH)
Bottom of the 5th over - 0 runs, 0 hits, 0 errors, 0 left on base; Washington State University 2 - University of Michigan 0
TOP OF THE 6TH
Washington State University Cougars batting - Pitching for University of Michigan Wolverines : LHP Darius Brown
Batting: SHB Steve DeRienzo 0-0: Foul Ball, location: 2F
0-1: Ball
1-1: SINGLE (Line Drive, 89M, EV 93.1 MPH)
Batting: RHB Makoto Narita 0-0: Ball
1-0: Swinging Strike
1-1: Ball
2-1: Swinging Strike
2-2: Ball
3-2: Fielders Choice at 2nd, 5-4 (Groundball, 56S, EV 79.4 MPH)
Batting: LHB Josh Aerni 0-0: Grounds into double play, 6-4-3 (Groundball, 6, EV 86.2 MPH)
Top of the 6th over - 0 runs, 1 hit, 0 errors, 0 left on base; Washington State University 2 - University of Michigan 0
BOTTOM OF THE 6TH
University of Michigan Wolverines batting - Pitching for Washington State University Cougars : RHP Juan Luna
Batting: RHB Cesar Martinez 0-0: Ball
1-0: Ball
2-0: SOLO HOME RUN (Flyball, 78XD, EV 116.2 MPH), Distance : 453 ft
Batting: RHB Tim Cordle 0-0: SINGLE (Groundball, 13S, EV 78.1 MPH) (infield hit)
Batting: RHB Artyom Shavkunov 0-0: Swinging Strike
0-1: Foul Ball, location: 2F
0-2: Foul Ball, location: 2F
0-2: Foul Ball, location: 2F
0-2: SINGLE (Groundball, 4MD, EV 99.4 MPH)
Tim Cordle to second
Batting: RHB Ryan Criollo 0-0: Ball
1-0: Called Strike
1-1: Fly out, F8 (Flyball, 8LD, EV 99.4 MPH)
Batting: LHB Mark Backstrom 0-0: Ball
1-0: Called Strike
1-1: Foul Ball, location: 2F
1-2: Ball
2-2: Ball
3-2: Foul Ball, location: 2F
3-2: Strikes out swinging
Batting: LHB Yasutoshi Hayashi 0-0: Ball
Passed Ball!
Tim Cordle to third
Artyom Shavkunov to second
1-0: Ball
2-0: Ball
3-0: Base on Balls
Pinch Hitting: SHB Corey Penson 0-0: Swinging Strike
0-1: SINGLE (Line Drive, 8LS, EV 101.2 MPH)
Tim Cordle scores
Artyom Shavkunov to third
Yasutoshi Hayashi to second
Batting: LHB Dave Carlisle 0-0: Ball
1-0: Swinging Strike
1-1: Called Strike
1-2: Strikes out swinging
Bottom of the 6th over - 2 runs, 4 hits, 0 errors, 3 left on base; Washington State University 2 - University of Michigan 2
TOP OF THE 7TH
Washington State University Cougars batting - Pitching for University of Michigan Wolverines : LHP Darius Brown
Pitching: LHP Tomoyuki Date
Now at 1B: Corey Penson
Now at 3B: Tim Cordle
Batting: RHB Jonathan Gamez 0-0: Called Strike
0-1: Foul Ball, location: 2F
0-2: Foul Ball, location: 2F
0-2: Ball
1-2: Ball
2-2: Foul Ball, location: 2F
2-2: Foul Ball, location: 2F
2-2: Ball
3-2: Base on Balls
Batting: RHB Larry Martell 0-0: Called Strike
0-1: Ball
1-1: Swinging Strike
1-2: Ball
2-2: Foul Ball, location: 2F
2-2: Fly out, F6 (Line Drive, 6, EV 68.8 MPH)
Batting: RHB Nick Deegan 0-0: Ball
1-0: Called Strike
1-1: Foul Ball, location: 2F
1-2: Ball
2-2: Ball
3-2: Foul Ball, location: 2F
3-2: Foul Ball, location: 2F
3-2: Foul Ball, location: 2F
3-2: Grounds into double play, 1-6-3 (Groundball, 13, EV 69.4 MPH)
Top of the 7th over - 0 runs, 0 hits, 0 errors, 0 left on base; Washington State University 2 - University of Michigan 2
BOTTOM OF THE 7TH
University of Michigan Wolverines batting - Pitching for Washington State University Cougars : RHP Juan Luna
Pitching: RHP Tony Ferreira
Batting: RHB Juan Zamora 0-0: Ball
1-0: Ball
2-0: Swinging Strike
2-1: Foul Ball, location: 2F
2-2: Ball
3-2: Fly out, F8 (Line Drive, 8LM, EV 98.8 MPH)
Pinch Hitting: RHB Armando Vilano 0-0: Called Strike
0-1: Fly out, F8 (Flyball, 8RD, EV 82.5 MPH)
Pinch Hitting: RHB Hugo Torrez 0-0: Ball
1-0: Called Strike
1-1: Called Strike
1-2: Ball
2-2: Foul Ball, location: 2F
2-2: Ball
3-2: Base on Balls
Batting: RHB Artyom Shavkunov 0-0: Called Strike
0-1: Foul Ball, location: 2F
0-2: Strikes out swinging
Bottom of the 7th over - 0 runs, 0 hits, 0 errors, 1 left on base; Washington State University 2 - University of Michigan 2
TOP OF THE 8TH
Washington State University Cougars batting - Pitching for University of Michigan Wolverines : LHP Tomoyuki Date
Now at 3B: Armando Vilano
Now in LF: Kazuki Arai
Now in CF: Ryan Criollo
Batting: RHB David Martin 0-0: Foul Ball, location: 2F
0-1: Ball
1-1: Foul Ball, location: 2F
1-2: Ball
2-2: Ball
3-2: Base on Balls
Batting: RHB Johnny Lowe 0-0: Bunted foul
0-1: Sac Bunt to 25 - play at first, batter OUT! 5-4
David Martin to second
Pinch Hitting: RHB Gebre-Giorgios Wangondu 0-0: Intentional Walk
Pinch Hitting: RHB Melvin Durland 0-0: Ball
1-0: Called Strike
1-1: Ball
2-1: Ball
3-1: Base on Balls
David Martin to third
Gebre-Giorgios Wangondu to second
Pitching: LHP Carlos Ayala
Batting: RHB Makoto Narita 0-0: Ball
1-0: Ball
2-0: Ball
3-0: Base on Balls
David Martin scores
Gebre-Giorgios Wangondu to third
Melvin Durland to second
Batting: RHB Alex Arzate 0-0: Ball
1-0: Foul Ball, location: 2F
1-1: Ball
2-1: Ball
3-1: Called Strike
3-2: Base on Balls
Gebre-Giorgios Wangondu scores
Melvin Durland to third
Makoto Narita to second
Batting: RHB Jonathan Gamez 0-0: Ball
1-0: Hit by Pitch
Melvin Durland scores
Makoto Narita to third
Alex Arzate to second
Batting: RHB Larry Martell 0-0: Foul Ball, location: 2F
0-1: Foul Ball, location: 2F
0-2: Ball
1-2: Ball
2-2: Foul Ball, location: 2F
2-2: Ball
3-2: Foul Ball, location: 2F
3-2: Fly out, F8 (Flyball, 8RM, EV 84.4 MPH)
Runner from 3rd tags up, SCORES, throw by CF
Batting: RHB Nick Deegan 0-0: Called Strike
0-1: Ball
1-1: Called Strike
1-2: Strikes out swinging
Top of the 8th over - 4 runs, 0 hits, 0 errors, 2 left on base; Washington State University 6 - University of Michigan 2
BOTTOM OF THE 8TH
University of Michigan Wolverines batting - Pitching for Washington State University Cougars : RHP Tony Ferreira
Now in LF: Larry Martell
Now in CF: Gebre-Giorgios Wangondu
Now in RF: Mike East
Batting: RHB Ryan Criollo 0-0: Ball
1-0: Ball
2-0: Ball
3-0: Called Strike
3-1: Foul Ball, location: 2F
3-2: Fly out, F5 (Popup, 5SF, EV 74.4 MPH)
Batting: LHB Mark Backstrom 0-0: Ball
1-0: SINGLE (Line Drive, 9S, EV 97.5 MPH)
Batting: RHB Aaron Barraza 0-0: Ball
1-0: Ball
2-0: SINGLE (Groundball, 6MS, EV 74.4 MPH) (infield hit)
Mark Backstrom to second
Batting: SHB Corey Penson 0-0: Foul Ball, location: 2F
0-1: Ball
1-1: Swinging Strike
1-2: Ball
2-2: Ball
3-2: Grounds into double play, 6-4-3 (Groundball, 6, EV 87.5 MPH)
Bottom of the 8th over - 0 runs, 2 hits, 0 errors, 1 left on base; Washington State University 6 - University of Michigan 2
TOP OF THE 9TH
Washington State University Cougars batting - Pitching for University of Michigan Wolverines : LHP Carlos Ayala
Pinch Hitting: RHB Ramão Felgueira 0-0: Ball
1-0: Foul Ball, location: 2F
1-1: Called Strike
1-2: Strikes out swinging
Batting: RHB Johnny Lowe 0-0: Ball
1-0: Foul Ball, location: 2F
1-1: SINGLE (Groundball, 56S, EV 68.8 MPH) (infield hit)
Batting: RHB Gebre-Giorgios Wangondu 0-0: Ball
1-0: Ball
2-0: Ball
3-0: Called Strike
3-1: Base on Balls
Johnny Lowe to second
Batting: LHB Mike East 0-0: Ball
1-0: Grounds into double play, 6-4-3 (Groundball, 6, EV 85.6 MPH)
Top of the 9th over - 0 runs, 1 hit, 0 errors, 1 left on base; Washington State University 6 - University of Michigan 2
BOTTOM OF THE 9TH
University of Michigan Wolverines batting - Pitching for Washington State University Cougars : RHP Tony Ferreira
Pitching: LHP Steve Hendricks
Now at 1B: Ramão Felgueira
Batting: LHB Dave Carlisle 0-0: Called Strike
0-1: Called Strike
0-2: Ball
1-2: SOLO HOME RUN (Flyball, 9D, EV 96.9 MPH), Distance : 374 ft
Pitching: RHP Gorgonio Sigua
Pinch Hitting: RHB Jason Lynch 0-0: Ball
1-0: Ball
2-0: Called Strike
2-1: Called Strike
2-2: Strikes out swinging
Batting: RHB Armando Vilano 0-0: Called Strike
0-1: Foul Ball, location: 2F
0-2: Ground out 6-3 (Groundball, 6, EV 95.0 MPH)
Batting: RHB Kazuki Arai 0-0: Ball
1-0: SINGLE (Groundball, 6MD, EV 96.9 MPH)
Pinch Hitting: RHB Chad Bratcher 0-0: Called Strike
0-1: Ball
1-1: Called Strike
1-2: Strikes out swinging
Bottom of the 9th over - 1 run, 2 hits, 0 errors, 1 left on base; Washington State University 6 - University of Michigan 3
Thursday, March 31st , 2022 - OOTP Baseball 22.12 Build 89